 Dungeon Crawl Stone Soup version 0.22-a0-618-gd6a3efe (webtiles) character file.

658 sking99 the Ruffian (level 7, -8/67 HPs)
             Began as an Ogre Transmuter on July 13, 2018.
             Was an Initiate of Okawaru.
             Shot with an arrow by a centaur (10 damage)
             ... on level 6 of the Dungeon.
             The game lasted 00:11:33 (5014 turns).

sking99 the Ruffian (Ogre Transmuter)               Turns: 5014, Time: 00:11:34

Health: -8/67      AC:  5    Str: 17    XL:     7   Next: 55%
Magic:  8/10       EV: 10    Int: 14    God:    Okawaru [......]
Gold:   163        SH:  0    Dex: 11    Spells: 4/10 levels left

rFire    . . .     SeeInvis .     - Unarmed
rCold    . . .     Gourm    .   (no shield)
rNeg     . . .     Faith    .   b - +1 robe
rPois    .         Spirit   .   q - +1 hat
rElec    .         Reflect  .   (no cloak)
rCorr    +         Harm     .   (gloves unavailable)
MR       .....                  (boots unavailable)
Stlth    +.........             (no amulet)
HPRegen  0.21/turn              s - ring of resist corrosion
MPRegen  0.12/turn              o - +2 ring of strength

@: starving
A: large, unfitting armour, tough skin 1
a: Renounce Religion


You were on level 6 of the Dungeon.
You worshipped Okawaru.
Okawaru was noncommittal.
You were starving.

You visited 2 branches of the dungeon, and saw 7 of its levels.

You collected 359 gold pieces.
You spent 196 gold pieces at shops.

Inventory:

Missiles
 a - 28 arrows
Armour
 b - a +1 robe (worn)
 q - a +1 hat (worn)
Jewellery
 o - a +2 ring of strength (right hand)
 p - an uncursed ring of magical power {unknown}
 s - a ring of resist corrosion (left hand)
Wands
 i - a wand of random effects (22)
 n - a wand of scattershot (4)
Scrolls
 c - a scroll of enchant weapon {unknown}
 e - 2 scrolls of teleportation {unknown}
 g - 3 scrolls of magic mapping
 j - a scroll of blinking {unknown}
 m - a scroll of fear
 t - 2 scrolls of enchant armour
Potions
 f - 4 potions of flight
 h - a potion of berserk rage
 k - a potion of degeneration
 l - a potion of curing
 u - a potion of ambrosia
 v - a potion of lignification
Comestibles
 d - 3 rations


   Skills:
 - Level 3.0 Fighting
 + Level 2.8 Dodging
 * Level 6.1 Unarmed Combat
 - Level 2.4 Spellcasting
 + Level 3.8 Transmutations
 - Level 1.0 Poison Magic


You had 4 spell levels left.
You knew the following spells:

 Your Spells              Type           Power        Failure   Level  Hunger
a - Confusing Touch       Hex            #.....       22%         1    #......
b - Sticks to Snakes      Tmut           ##......     7%          2    ###....
c - Spider Form           Tmut/Pois      #.........   26%         3    ###....

Your spell library contained the following spells:

 Spells                   Type           Power        Failure   Level  Hunger
 Confuse                  Hex            #.......     56%         3    ###....
 Blade Hands              Tmut           ##........   78%         5    ######.
 Ice Form                 Ice/Tmut       #.......     71%         4    #####..
 Metabolic Englaciation   Hex/Ice        #.........   99%         5    ######.
 Petrify                  Tmut/Erth      #.......     71%         4    #####..
 Beastly Appendage        Tmut           ##....       4%          1    #......
 Gell's Gravitas          Tloc           #.........   56%         3    ###....
 Yara's Violent Unravell  Hex/Tmut       #.........   96%         5    ######.


Dungeon Overview and Level Annotations

Branches:
Dungeon (6/15)             Temple (1/1) D:5

Altars:
Ashenzari
Cheibriados
Dithmenos
Gozag
Makhleb
Okawaru
Qazlal
Ru
Sif Muna
Trog
Uskayaw
Vehumet
Wu Jian
Yredelemnul
The Shining One

Shops:
D:5 [


Innate Abilities, Weirdness & Mutations

You are too large for most types of armour.
You have tough skin. (AC +1)


Message History

You barely miss the orc warrior.
The orc warrior is severely wounded.
The orc warrior shouts!
The orc warrior hits you with a halberd.
The orc priest mumbles some strange prayers to Beogh against you.
Beogh smites you!
You bite the orc warrior!
You kill the orc warrior!
Okawaru accepts your kill.
Your Unarmed Combat skill increases to level 6!
You closely miss the orc. The orc hits you with a hand axe!
* * * LOW HITPOINT WARNING * * *
Your transformation has ended.
Your +1 hat unmelds from your body.
Your +1 robe unmelds from your body.
The orc priest mumbles some strange prayers to Beogh against you.
Beogh smites you!
* * * LOW HITPOINT WARNING * * *
A centaur opens the door.
The centaur wields a shortbow.
The centaur shoots an arrow.
The arrow hits you!
You die...

#..... #....
#...# #...#
#...# #...#
##+###...#
#..oo.@..#
#........#
......o##'######
#......oc.
#.####.## ...
##. .. ._


You could see a centaur, an orc priest and 3 orcs.

Vanquished Creatures
  An orc warrior (D:6)
  An ogre (D:5)
  A scorpion (D:5)
  A crimson imp (D:5)
  A centaur skeleton (D:5)
  An orc priest (D:5)
  An iguana (D:4)
  3 worker ants
  Robin (D:2)
  6 adders
  A shadow imp (D:5)
  7 oozes
  3 worms
  6 dart slugs
  4 leopard geckos
  6 orcs
  8 giant cockroaches
  13 goblins
  12 hobgoblins
  6 jackals (D:1)
  2 quokkas
  4 bats
  6 frilled lizards
  A jackal skeleton (D:4)
  9 kobolds
  A quokka zombie (D:5)
  9 rats
115 creatures vanquished.

Vanquished Creatures (collateral kills)
  An adder (D:2)
1 creature vanquished.

Grand Total: 116 creatures vanquished

Notes
Turn   | Place    | Note
-------+----------+-------------------------------------------
     0 | D:1      | sking99 the Ogre Transmuter began the quest for the Orb.
     0 | D:1      | Reached XP level 1. HP: 19/19 MP: 3/3
     2 | D:1      | Found a runed door.
   195 | D:1      | Reached skill level 3 in Unarmed Combat
   209 | D:1      | Reached XP level 2. HP: 28/28 MP: 5/5
   289 | D:1      | Learned a level 2 spell: Sticks to Snakes
   413 | D:1      | You fall through a shaft!
   636 | D:2      | Reached XP level 3. HP: 31/36 MP: 3/6
   641 | D:2      | Learned a level 3 spell: Spider Form
   764 | D:2      | Reached XP level 4. HP: 33/44 MP: 3/7
  1737 | D:2      | Noticed Robin
  1756 | D:2      | Reached skill level 4 in Unarmed Combat
  1766 | D:2      | Killed Robin
  1766 | D:2      | Reached skill level 1 in Poison Magic
  2168 | D:2      | Reached XP level 5. HP: 53/53 MP: 4/8
  2620 | D:3      | Found a snail-covered altar of Cheibriados.
  3285 | D:4      | Reached XP level 6. HP: 61/61 MP: 5/9
  3515 | D:4      | Reached skill level 5 in Unarmed Combat
  3663 | D:5      | Entered Level 5 of the Dungeon
  3853 | D:5      | Learned a level 1 spell: Confusing Touch
  3862 | D:5      | Reached XP level 7. HP: 51/67 MP: 4/10
  4518 | D:5      | Found a staircase to the Ecumenical Temple.
  4695 | Temple   | Entered the Ecumenical Temple
  4778 | Temple   | Became a worshipper of Warmaster Okawaru
  4959 | D:5      | Found Mifidgh's Antique Armour Shop.
  4964 | D:5      | Bought a glowing hat for 196 gold pieces
  5002 | D:6      | Found a sacrificial altar of Ru.
  5008 | D:6      | Reached skill level 6 in Unarmed Combat
  5010 | D:6      | HP: 1/67 [orc priest/divine providence (13)]
  5014 | D:6      | Shot with an arrow by a centaur

Vault maps used:
D:1:      dpeg_arrival_caged_fury
D:2:      serial_park_tiny_pond, minmay_tromino_v2, uniq_robin
D:3:      kennysheep_slug_shrine
D:4:      first_ration
D:5:      temple_doors_e, serial_shops, kennysheep_little_box
D:6:      nicolae_overflow_crystal_walls, uniq_grinder
Temple:   eino_temple_lava

Skill      XL: |  1  2  3  4  5  6  7 |
---------------+----------------------+-----
Unarmed Combat | 3 4 5 6 |  6.1
Fighting       | 2 3 |  3.0
Transmutations | 2 3 |  3.8
Poison Magic   | 1 |  1.0
Dodging        | 2 |  2.8
Spellcasting   | |  2.4

Action                   |  1- 3 |  4- 6 |  7- 9 || total
-------------------------+-------+-------+-------++-------
Melee: Unarmed           |    85 |   248 |    28 ||   361
       Punch             |     2 |     1 |       ||     3
 Cast: Sticks to Snakes  |     2 |       |       ||     2
       Beastly Appendage |     1 |     1 |       ||     2
       Spider Form       |     1 |    28 |     5 ||    34
  Use: Scroll            |       |    15 |       ||    15
 Stab: Sleeping          |     1 |       |       ||     1
  Eat: Chunk             |       |    15 |     2 ||    17
Armor: Robe              |    14 |    24 |     1 ||    39
       Skin              |       |     7 |     1 ||     8
Dodge: Dodged            |    42 |   137 |    12 ||   191

Table legend:
 A = Spawn XP
 B = Non-spawn XP
 C = Spawn XP percentage of total XP
 D = Spawn monster count
 E = Non-spawn monster count
 F = Spawn count percentage of total count
 G = Total turns spent on level
                    A         B        C        D         E        F      G
               +---------+---------+-------+---------+---------+-------+---------
         Total |       0 |     940 |   0.0 |       0 |     116 |   0.0 |  5014
               +---------+---------+-------+---------+---------+-------+---------
           D:1 |       0 |      99 |   0.0 |       0 |      34 |   0.0 |  1105
           D:2 |       0 |     130 |   0.0 |       0 |      41 |   0.0 |  1302
           D:3 |       0 |      77 |   0.0 |       0 |      18 |   0.0 |   753
           D:4 |       0 |      77 |   0.0 |       0 |       4 |   0.0 |   503
           D:5 |       0 |     428 |   0.0 |       0 |      18 |   0.0 |  1241
           D:6 |       0 |     129 |   0.0 |       0 |       1 |   0.0 |    18
               +---------+---------+-------+---------+---------+-------+---------
